Map: Neon Violet Square LE

Players

labilau

  • Race: Protoss Protoss
  • Spawn Location: 11:00

Cracken - Winner!

  • Race: Protoss Protoss
  • League: Gold
  • Spawn Location: 5:00

VOD

Have the link to the VOD?

Description

Time

  • Played on: Dec. 10, 2017, 12:51 p.m.
  • Length: 17:58
Show
View Real Time Build Order
Export as new Build Order

labilau Protoss 

Build Orders:  

Get SALT Encoding   

  12  0:01  Probe (Chrono Boost)  
  13  0:12  Probe (Chrono Boost)  
  14  0:21  Pylon  
  14  0:23  Probe  
  15  0:41  Gateway  
  15  0:46  Assimilator  
  15  0:48  Probe  
  16  1:02  Probe (Chrono Boost)  
  17  1:16  Probe (Chrono Boost)  
  18  1:19  Probe  
  19  1:39  Probe  
  20  1:47  Cybernetics Core  
  20  1:52  Zealot  
  22  2:06  Probe  
  23  2:28  Pylon  
  23  2:30  Shield Battery  
  23  2:31  Warp Gate (Chrono Boost)  
  23  2:39  Stargate  
  23  2:46  Probe  
  23  2:47  Assimilator  
  24  2:53  Stalker  
  24  2:58  Probe  
  27  3:08  Pylon  
  27  3:10  Probe  
  28  3:22  Probe  
  29  3:38  Gateway  
  29  3:45  Stalker  
  31  4:02  Oracle  
  34  4:12  Nexus  
  34  4:15  Stalker  
  36  4:44  Protoss Air Weapons Level 1  
  34  5:04  Pylon  
  34  5:07  Oracle  
  34  5:12  Probe  
  38  5:20  Robotics Facility  
  38  5:21  Robotics Facility  
  38  5:24  Probe  
  38  5:26  Adept  
  41  5:30  Pylon  
  43  5:50  Probe x2 (Chrono Boost)  
  43  5:54  Probe (Chrono Boost)  
  43  5:56  Pylon  
  44  5:58  Assimilator  
  44  6:02  Shield Battery  
  44  6:03  Adept  
  46  6:07  Stalker  
  46  6:10  Observer  
  49  6:51  Void Ray (Chrono Boost)  
  49  6:53  Stargate  
  53  6:55  Probe (Chrono Boost)  
  54  7:06  Probe (Chrono Boost)  
  55  7:09  Probe  
  56  7:22  Stalker x2  
  58  7:27  Observer  
  61  7:32  Assimilator  
  61  7:34  Probe (Chrono Boost)  
  63  7:45  Probe (Chrono Boost)  
  63  7:48  Probe, Shield Battery  
  63  7:49  Gateway  
  64  7:51  Gateway  
  64  8:00  Probe (Chrono Boost)  
  64  8:03  Immortal  
  64  8:05  Observer  
  71  8:17  Forge  
  71  8:18  Robotics Facility  
  71  8:19  Probe (Chrono Boost)  
  71  8:21  Probe  
  71  8:25  Forge  
  72  8:33  Void Ray (Chrono Boost), Probe  
  77  8:46  Probe  
  78  8:52  Pylon  
  78  8:53  Pylon  
  78  8:59  Protoss Ground Weapons Level 1 (Chrono Boost)  
  78  9:09  Void Ray  
  78  9:10  Protoss Ground Armor Level 1 (Chrono Boost)  
  82  9:17  Probe  
  83  9:35  Void Ray  
  87  9:51  Stalker x3  
  87  9:52  Stalker  
  94  10:30  Nexus  
  94  10:34  Pylon  
  94  10:46  Pylon  
  94  10:51  Pylon  
  94  10:52  Probe  
  94  10:55  Pylon  
  95  10:59  Immortal  
  95  11:01  Observer  
  101  11:04  Probe  
  101  11:07  Void Ray x2  
  109  11:12  Adept  
  109  11:13  Pylon  
  109  11:16  Probe  
  112  11:29  Photon Cannon  
  112  11:31  Shield Battery  
  112  11:33  Probe (Chrono Boost)  
  113  11:43  Stalker  
  113  11:44  Adept  
  113  11:45  Probe (Chrono Boost)  
  118  11:47  Sentry  
  118  11:49  Probe (Chrono Boost)  
  121  11:56  Sentry  
  123  12:03  Probe (Chrono Boost)  
  124  12:14  Probe (Chrono Boost)  
  125  12:17  Probe (Chrono Boost)  
  128  12:27  Pylon  
  128  12:29  Probe (Chrono Boost)  
  129  12:31  Probe x2 (Chrono Boost)  
  129  12:54  Twilight Council  
  129  12:55  Probe (Chrono Boost)  
  130  13:03  Assimilator  
  131  13:06  Void Ray (Chrono Boost), Probe (Chrono Boost)  
  131  13:07  Void Ray (Chrono Boost)  
  131  13:09  Probe  
  140  13:14  Protoss Shields Level 1 (Chrono Boost)  
  140  13:24  Adept x2  
  140  13:25  Adept  
  146  13:35  Charge (Chrono Boost)  
  146  13:46  Observer  
  147  14:57  Protoss Ground Armor Level 2  
  147  14:58  Resonating Glaives (Chrono Boost)  
  143  16:07  Void Ray (Chrono Boost)  
  143  16:08  Void Ray (Chrono Boost)  
  151  16:15  Stalker x3  
  157  16:23  Photon Cannon, Pylon  
  157  16:54  Void Ray (Chrono Boost)  
  157  16:56  Void Ray (Chrono Boost)  
  157  16:59  Nexus  
  165  17:11  Pylon  
  165  17:13  Pylon  
  165  17:15  Pylon  
  165  17:18  Pylon  
  165  17:19  Pylon  
  165  17:26  Fleet Beacon  
Show
View Real Time Build Order
Export as new Build Order

Cracken Protoss - Winner!

Build Orders:  

Get SALT Encoding   

  12  0:11  Pylon  
  12  0:16  Probe  
  13  0:28  Probe  
  14  0:37  Forge  
  14  0:40  Probe  
  15  0:52  Gateway  
  15  0:56  Probe  
  16  1:08  Probe  
  17  1:14  Pylon  
  17  1:20  Probe  
  18  1:32  Probe  
  19  1:39  Photon Cannon  
  19  1:44  Probe  
  20  1:50  Cybernetics Core  
  20  1:52  Pylon  
  20  1:59  Pylon  
  20  2:12  Assimilator  
  20  2:16  Photon Cannon  
  20  2:17  Assimilator  
  20  2:18  Probe  
  21  2:29  Pylon  
  21  2:30  Probe  
  22  2:42  Probe  
  23  2:45  Zealot  
  23  2:48  Warp Gate  
  25  2:55  Probe  
  26  3:12  Zealot (Chrono Boost)  
  28  3:14  Pylon  
  28  3:19  Stargate  
  28  3:23  Pylon  
  28  3:39  Stalker (Chrono Boost)  
  30  4:10  Photon Cannon  
  30  4:21  Photon Cannon  
  30  4:29  Nexus  
  30  4:48  Photon Cannon  
  30  4:49  Pylon  
  30  5:02  Void Ray  
  34  5:13  Robotics Facility  
  34  5:22  Photon Cannon  
  34  5:23  Probe  
  35  5:34  Assimilator  
  35  5:35  Probe  
  36  5:39  Assimilator  
  36  5:41  Probe  
  37  5:53  Probe  
  37  5:55  Pylon  
  38  6:00  Sentry  
  38  6:03  Observer  
  41  6:05  Probe  
  42  6:17  Probe  
  42  6:18  Phoenix  
  45  6:24  Sentry  
  47  6:29  Probe  
  48  6:36  Immortal  
  52  6:41  Probe  
  52  6:43  Photon Cannon  
  53  6:53  Probe  
  54  7:06  Probe  
  54  7:15  Immortal  
  57  7:18  Probe  
  57  7:20  Probe  
  57  7:21  Pylon  
  59  7:23  Void Ray  
  63  7:30  Probe  
  63  7:33  Stargate  
  64  7:42  Photon Cannon, Probe  
  65  7:58  Observer  
  65  8:06  Void Ray  
  69  8:15  Nexus  
  70  8:20  Observer  
  70  8:24  Pylon  
  70  8:26  Pylon  
  70  8:29  Pylon  
  70  8:41  Void Ray  
  74  8:58  Photon Cannon  
  74  9:00  Photon Cannon  
  74  9:06  Stalker  
  76  9:21  Photon Cannon  
  76  9:26  Probe  
  76  9:27  Assimilator  
  76  9:32  Assimilator  
  76  9:39  Probe  
  77  9:51  Probe  
  78  9:54  Void Ray  
  82  10:02  Void Ray  
  82  10:03  Probe  
  87  10:23  Photon Cannon  
  87  10:24  Probe  
  87  10:25  Pylon  
  88  10:36  Probe  
  88  10:37  Void Ray  
  93  10:45  Void Ray  
  93  10:48  Probe  
  98  11:00  Probe  
  99  11:07  Pylon  
  99  11:15  Stargate  
  99  11:18  Pylon  
  99  11:20  Void Ray, Pylon  
  99  11:24  Stalker  
  105  11:28  Void Ray  
  105  11:31  Probe  
  110  11:43  Probe  
  111  11:53  Fleet Beacon  
  111  11:55  Probe  
  112  12:01  Void Ray  
  112  12:03  Void Ray  
  112  12:07  Probe  
  121  12:10  Void Ray  
  125  12:18  Pylon  
  125  12:25  Pylon  
  125  12:28  Pylon  
  125  12:31  Pylon  
  125  12:44  Void Ray  
  125  12:48  Photon Cannon  
  129  12:51  Void Ray  
  133  13:00  Void Ray  
  137  13:06  Pylon  
  137  13:09  Pylon  
  137  13:27  Tempest  
  143  13:34  Carrier  
  149  13:44  Mothership (Chrono Boost)  
  157  13:54  Void Ray  
  161  14:09  Carrier  
  167  14:36  Void Ray  
  171  15:00  Carrier  
  177  15:19  Carrier  
  182  15:35  Carrier  
  188  15:50  Protoss Air Weapons Level 1  
  188  16:25  Carrier  
  194  16:45  Tempest  
Tags
 
League
Gold
Matchup
PvP
Spawn Locations
Cross Positions
Add a new tag
Caveats
  • Supply blocks, unpowered buildings, or Contaminate may cause inaccurate times.
  • Supply counts are checked every 10 seconds.